 Dungeon Crawl Stone Soup version 0.17.1-2-g5865329 (webtiles) character file.

465 Jerry the Magician (level 7, -9/41 HPs)
             Began as an Octopode Wizard on Feb 9, 2016.
             Was an Initiate of Ashenzari.
             Killed from afar by an orc wizard (10 damage)
             ... with a puff of frost
             ... on level 4 of the Dungeon.
             The game lasted 00:30:11 (5321 turns).

Jerry the Magician (Octopode Wizard)                Turns: 5321, Time: 00:30:13

Health: -9/41      AC:  1    Str:  7    XL:     7   Next: 8%
Magic:  0/13       EV: 12    Int: 22    God:    Ashenzari [......]
Gold:   184        SH:  0    Dex: 10    Spells: 3 memorised, 8 levels left

rFire  . . .     SeeInvis .     j - +1 dagger (venom)
rCold  . . .     Clarity  .     (no shield)
rNeg   . . .     SustAt   .     a - +0 hat
rPois  .         Gourm    .     e - amulet of guardian spirit
rElec  .         Spirit   +     t - ring of teleportation (curse)
rCorr  .         Warding  .     (no ring)
rMut   .         Rnd*Tele +     (no ring)
MR     .....                    (no ring)
Stlth  +++.......               (no ring)
                                (no ring)
                                (no ring)
                                (no ring)

@: about to teleport, not resistant to hostile enchantments, fairly stealthy
A: almost no armour, amphibious, 8 rings, constrict 8, camouflage 1, gelatinous
body 1
a: Renounce Religion, Evoke Teleportation


You were on level 4 of the Dungeon.
You worshipped Ashenzari.
Ashenzari was noncommittal.
You were not hungry.

You visited 2 branches of the dungeon, and saw 6 of its levels.

You collected 184 gold pieces.

Inventory:

Hand Weapons
 d - a +0 club
 g - a +0 short sword
 j - a +1 dagger of venom (weapon)
Missiles
 c - 5 tomahawks (quivered)
Armour
 a - a +0 hat (worn)
Jewellery
 e - an amulet of guardian spirit (around mantle)
 t - a cursed ring of teleportation (left tentacle)
Scrolls
 n - a scroll of enchant armour {unknown}
Potions
 f - 3 potions of lignification {unknown}
 h - 3 potions of curing {unknown}
 i - 2 potions of haste {unknown}
 k - a potion of flight {unknown}
 o - a potion of agility {unknown}
 q - a potion of degeneration {unknown}
 r - 2 potions of heal wounds {unknown}
 u - a potion of poison {unknown}
Books
 b - a book of Minor Magic

   Spells                             Type                      Level
   a - Magic Dart                     Conjuration                  1
   b - Blink                          Translocation                2
   c - Call Imp                       Summoning                    2
   d - Repel Missiles                 Charms/Air                   2
   e - Slow                           Hexes                        2
   f - Conjure Flame                  Conjuration/Fire             3
   g - Mephitic Cloud                 Conjuration/Poison/Air       3
Comestibles
 l - a meat ration
 m - 2 fruits
 s - a bread ration


   Skills:
 - Level 2.0 Dodging
 - Level 2.6 Stealth
 - Level 4.0 Spellcasting
 + Level 3.8 Conjurations
   Level 1.0 Summonings
 + Level 1.5 Translocations
 + Level 3.3 Air Magic
 - Level 4.0 Poison Magic


You had 8 spell levels left.
You knew the following spells:

 Your Spells              Type           Power        Failure   Level  Hunger
a - Magic Dart            Conj           ###.         2%          1    None
b - Mephitic Cloud        Conj/Pois/Air  ###.....     10%         3    ###....
c - Blink                 Tloc           N/A          10%         2    #......


Dungeon Overview and Level Annotations

Branches:
Dungeon (5/15)             Temple (1/1) D:4

Altars:
Ashenzari
Cheibriados
Dithmenos
Elyvilon
Fedhas
Gozag
Kikubaaqudgha
Makhleb
Nemelex Xobeh
Okawaru
Qazlal
Ru
Sif Muna
Trog
Xom
Yredelemnul
Zin

Annotations:
D:3 opkc's ghost, amateur HESk


Innate Abilities, Weirdness & Mutations

You cannot wear most types of armour.
You are amphibious.
You can wear up to eight rings at the same time.
You can use your tentacles to constrict eight enemies at once.
Your skin changes colour to match your surroundings (Stealth).
Your rubbery body absorbs attacks (AC +1).


Message History

There is a stone staircase leading up here.
Drink which item? (? for menu, Esc to quit)
Okay, then.
The orc wizard hits you with a dagger.
* * * LOW HITPOINT WARNING * * *
The orc wizard hits you with a dagger.
* * * LOW HITPOINT WARNING * * *
You climb upwards.
The orc barely misses you.
There is a stone staircase leading down here.
Read which item? (? for menu, Esc to quit)
As you read the scroll of teleportation, it crumbles to dust.
You feel strangely unstable. The orc wizard hits you with a dagger.
* * * LOW HITPOINT WARNING * * *
You barely miss the orc wizard. Your grab misses the orc wizard.
The orc wizard points at you and mumbles some strange words.
The puff of flame misses you.
The puff of flame hits the orc.
The orc dies!
The orc wizard gestures at you while chanting.
The puff of frost hits you!
You die...

###### .# #....# .
#.##.## #.....##
#......# ###.##.#
#.##.#
#############.##o#
..............o.@#
##.#############o#
#.# #.# ...#
#######.# ...+
#.......# ...#
###.####### ...#
#<..# ...# #####


You could see an orc wizard and 2 orcs.

Vanquished Creatures
  An ogre (D:4)
  4 hounds (D:4)
  Jessica (D:3)
  A hound skeleton (D:4)
  Robin (D:2)
  6 adders
  3 gnolls (D:2)
  5 worms
  2 giant geckos (D:1)
  2 orcs (D:3)
  A ball python (D:1)
  5 giant cockroaches
  10 hobgoblins
  11 kobolds
  A quokka (D:2)
  14 bats
  5 giant newts
  13 goblins
  6 jackals
  11 rats
103 creatures vanquished.

Vanquished Creatures (others)
  An orc (D:4)
1 creature vanquished.

Grand Total: 104 creatures vanquished

Notes
Turn   | Place    | Note
--------------------------------------------------------------
     0 | D:1      | Jerry the Octopode Wizard began the quest for the Orb.
     0 | D:1      | Reached XP level 1. HP: 11/11 MP: 4/4
   548 | D:1      | Reached XP level 2. HP: 17/17 MP: 6/6
   690 | D:1      | Reached XP level 3. HP: 21/21 MP: 7/7
   695 | D:1      | Learned a level 3 spell: Mephitic Cloud
  1219 | D:2      | Found a shadowy altar of Dithmenos.
  1300 | D:2      | Reached skill level 1 in Air Magic
  1479 | D:2      | Reached skill level 1 in Poison Magic
  1479 | D:2      | Reached XP level 4. HP: 23/27 MP: 6/9
  2189 | D:2      | Reached XP level 5. HP: 29/31 MP: 4/10
  2468 | D:2      | Reached skill level 4 in Spellcasting
  2505 | D:2      | Noticed Robin
  2511 | D:2      | Killed Robin
  2779 | D:3      | Noticed opkc's ghost (amateur HESk)
  4380 | D:3      | Noticed Jessica
  4388 | D:3      | Killed Jessica
  4404 | D:3      | Found a faded altar to an unknown god.
  4784 | D:4      | Reached XP level 6. HP: 29/36 MP: 2/12
  4814 | D:4      | Found a blossoming altar of Fedhas.
  4814 | D:4      | Found a staircase to the Ecumenical Temple.
  4906 | Temple   | Entered the Ecumenical Temple
  4986 | Temple   | Became a worshipper of Ashenzari the Shackled
  5259 | D:4      | Noticed an ogre
  5263 | D:4      | Killed an ogre
  5267 | D:4      | Learned a level 2 spell: Blink
  5289 | D:4      | Reached XP level 7. HP: 38/41 MP: 11/13
  5317 | D:5      | Entered Level 5 of the Dungeon
  5318 | D:5      | HP: 1/41 [orc wizard/dagger (3)]
  5321 | D:4      | Killed from afar by an orc wizard

Action                   |  1- 3 |  4- 6 |  7- 9 || total
-------------------------+-------+-------+-------++-------
Melee: Club              |     2 |       |       ||     2
       Short sword       |     2 |       |       ||     2
       Dagger            |    58 |   111 |     8 ||   177
 Cast: Magic Dart        |    21 |    96 |       ||   117
  Use: Scroll            |     2 |     1 |     1 ||     4
 Stab: Sleeping          |    11 |    11 |       ||    22
       Distracted        |     1 |       |       ||     1
  Eat: Chunk             |     2 |     7 |       ||     9
       Bread ration      |       |     1 |       ||     1
